 Dungeon Crawl Stone Soup version 0.26-a0-651-gb41185065b (webtiles) character file.

Game seed: 4708314964302632052

1081 Lanoc the Destroyer (level 8, -6/46 HPs)
             Began as an Octopode Conjurer on Oct 18, 2020.
             Was a Follower of Vehumet.
             Hit by a boomerang thrown by an orc warrior (18 damage)
             ... on level 6 of the Dungeon.
             The game lasted 00:07:08 (5518 turns).

Lanoc the Destroyer (Octopode Conjurer)             Turns: 5518, Time: 00:07:09

Health: -6/46      AC:  1    Str:  6    XL:     8   Next: 29%
Magic:  15/20      EV: 15    Int: 23    God:    Vehumet [*.....]
Gold:   264        SH:  0    Dex: 10    Spells: 8/11 levels left

rFire    . . .     SeeInvis .   a - +2 dagger (venom)
rCold    . . .     Faith    .   (no shield)
rNeg     . . .     Spirit   .   (helmet restricted)
rPois    .         Reflect  .   (no amulet)
rElec    .         Harm     .   i - ring of magical power
rCorr    .         Rampage  .   (no ring)
MR       .....                  (no ring)
Stlth    +++.......             (no ring)
HPRegen  0.15/turn              (no ring)
MPRegen  0.17/turn              (no ring)
                                (no ring)
                                (no ring)

@: no status effects
A: almost no armour, stealthy swim, amphibious, 8 rings, constrict 8, camouflage
1, gelatinous body 1
a: Renounce Religion


You were on level 6 of the Dungeon.
You worshipped Vehumet.
Vehumet was aware of your devotion.
You visited 2 branches of the dungeon, and saw 7 of its levels.

You collected 264 gold pieces.

Inventory:

Hand Weapons
 a - a +2 dagger of venom (weapon)
Jewellery
 i - a ring of magical power (left tentacle)
 w - an uncursed amulet of guardian spirit {unknown}
Wands
 q - a wand of flame (20)
 s - a wand of polymorph (4)
Scrolls
 c - 3 scrolls of identify {unknown}
 g - a scroll of fear {unknown}
 k - 2 scrolls of teleportation {unknown}
 m - 2 scrolls of blinking {unknown}
 n - 3 scrolls of remove curse {unknown}
 r - 2 scrolls of enchant weapon {unknown}
 t - a scroll of fog {unknown}
 u - a scroll of acquirement {unknown}
 v - a scroll of enchant armour {unknown}
Potions
 b - a potion of might {unknown}
 d - 2 potions of haste {unknown}
 e - a potion of stabbing
 f - 2 potions of resistance {unknown}
 h - 2 potions of curing
 j - 2 potions of lignification {unknown}
 l - a potion of flight {unknown}
 o - a potion of brilliance
 p - a potion of heal wounds {unknown}


   Skills:
 + Level 5.7 Dodging
 - Level 2.6 Stealth
 - Level 2.0 Spellcasting
 * Level 8.8 Conjurations


You had 8 spell levels left.
You knew the following spells:

 Your Spells              Type           Power        Failure   Level
a - Magic Dart            Conj           ####         1%          1
b - Searing Ray           Conj           #####.       1%          2

Your spell library contained the following spells:

 Spells                   Type           Power        Failure   Level
 Sandblast                Erth           #.....       13%         1
 Dazzling Flash           Conj/Hex       ###...       6%          3
 Fulminant Prism          Conj/Hex       ###.......   21%         4
 Iskenderun's Mystic Bla  Conj/Tloc      ###.....     21%         4


Dungeon Overview and Level Annotations

Branches:
Dungeon (6/15)             Temple (1/1) D:4

Altars:
Elyvilon
Uskayaw
Vehumet
Wu Jian
Xom
Yredelemnul
The Shining One


Innate Abilities, Weirdness & Mutations

You cannot wear most types of armour.
You are very stealthy in the water. (Stealth+)
You are amphibious.
You can wear up to eight rings at the same time.
You can use your tentacles to constrict eight enemies at once.
Your skin changes colour to match your surroundings (Stealth+).
Your rubbery body absorbs attacks. (AC +1, EV +1)


Message History

Press: ? - help, Shift-Dir - straight line, f - orc warrior
Aim: an orc warrior, wielding a +0 hand axe, wearing a +0 chain mail and quivering 8 boomerangs The searing ray hits the orc warrior.
The orc warrior is moderately wounded. (Press . to maintain the ray.)
The orc warrior throws a boomerang.
The boomerang closely misses you.
The weapon returns to the orc warrior!
The searing ray hits the orc warrior.
The orc warrior is heavily wounded.
The orc warrior throws a boomerang.
The boomerang hits you!
The weapon returns to the orc warrior!
The searing ray misses the orc warrior.
The orc warrior throws a boomerang.
The boomerang hits you.
* * * LOW HITPOINT WARNING * * *
The weapon returns to the orc warrior!
The searing ray hits the orc warrior!
The orc warrior is almost dead.
You finish channeling your searing ray.
The orc warrior throws a boomerang.
The boomerang hits you!!
You die...

.> ## #.# .# # #).
...# #.# .#. #.#
.. #.# .# ##
#.###.#.# ..
#...@...#
####.##.#####o#
#.........#
#####.##.#.## #
......#....# ###♣
#.>#..#.#..# #P.♣
#######....^#.#..#
#..P
#.....#..........#
#♣♣P.♣
#.....##...##.#.##
#P.♣♣.


You could see an orc warrior.

Vanquished Creatures
  Prince Ribbit (D:5)
  Eustachio (D:5)
  A big kobold (D:6)
  A bullfrog (D:6)
  2 scorpions
  A bullfrog zombie (D:6)
  2 orc priests (D:3)
  2 hounds (D:5)
  2 iguanas
  Ijyb (D:3)
  4 worker ants
  A killer bee zombie (D:4)
  A hound skeleton (D:5)
  2 adders (D:3)
  A white imp (D:5)
  2 ufetubi (D:5)
  An ooze (D:2)
  2 adder skeletons (D:5)
  A worm (D:5)
  The ghost of emiel the Sneak, a weakling NaDe (D:4)
  4 leopard geckos
  8 orcs
  2 bats
  3 giant cockroaches
  10 goblins
  5 hobgoblins
  8 jackals
  2 quokkas (D:3)
  2 ball pythons
  4 frilled lizards
  2 giant cockroach zombies
  A jackal skeleton (D:4)
  21 kobolds
  3 leopard gecko skeletons
  2 quokka skeletons
  6 rats
113 creatures vanquished.

Vanquished Creatures (others)
  8 plants (D:6)
8 creatures vanquished.

Grand Total: 121 creatures vanquished

Notes
Turn   | Place    | Note
-------+----------+-------------------------------------------
     0 | D:1      | Lanoc the Octopode Conjurer began the quest for the Orb.
     0 | D:1      | Reached XP level 1. HP: 11/11 MP: 3/3
   168 | D:2      | Reached XP level 2. HP: 12/17 MP: 1/5
   684 | D:2      | Learned a level 2 spell: Searing Ray
   839 | D:2      | Found a shimmering altar of Xom.
   917 | D:3      | Reached XP level 3. HP: 21/21 MP: 3/6
   995 | D:3      | HP: 1/21 [worker ant (5)]
  1132 | D:3      | Reached skill level 5 in Conjurations
  1174 | D:3      | Reached XP level 4. HP: 18/27 MP: 5/7
  1485 | D:3      | Reached XP level 5. HP: 12/31 MP: 1/8
  1837 | D:3      | Noticed Ijyb
  1873 | D:3      | Killed Ijyb
  2589 | D:4      | Found a white marble altar of Elyvilon.
  2650 | D:4      | Found a transporter.
  2656 | D:4      | Found a transporter.
  2656 | D:4      | Noticed emiel's ghost (weakling NaDe)
  2738 | D:4      | Reached skill level 6 in Conjurations
  2740 | D:4      | Reached XP level 6. HP: 36/36 MP: 9/9
  2843 | D:4      | Found a glowing golden altar of the Shining One.
  2859 | D:4      | Noticed a +0 hand axe
  2860 | D:4      | Found a hide-covered altar of Uskayaw.
  2860 | D:4      | Noticed a +0 hand axe
  2880 | D:4      | Found a radiant altar of Vehumet.
  2882 | D:4      | Found a basalt altar of Yredelemnul.
  2893 | D:4      | Became a worshipper of Vehumet
  2922 | D:4      | Found a staircase to the Ecumenical Temple.
  2932 | Temple   | Entered the Ecumenical Temple
  3179 | D:4      | Killed emiel's ghost
  3342 | D:5      | Entered Level 5 of the Dungeon
  3432 | D:5      | Reached skill level 7 in Conjurations
  3603 | D:5      | Noticed Eustachio
  3665 | D:5      | Reached XP level 7. HP: 22/41 MP: 5/10
  3926 | D:5      | Noticed Prince Ribbit
  4216 | D:5      | Reached * piety under Vehumet
  4216 | D:5      | Offered knowledge of Sandblast by Vehumet.
  4503 | D:5      | Killed Eustachio
  4572 | D:5      | Killed Prince Ribbit
  4572 | D:5      | Reached skill level 5 in Dodging
  4572 | D:5      | Reached skill level 8 in Conjurations
  4572 | D:5      | Reached XP level 8. HP: 36/46 MP: 11/11
  5518 | D:6      | Hit by a boomerang thrown by an orc warrior

Illustrated notes

Levels and vault maps discovered:
D:1:      minmay_arrival_stone_box, layout_basic, minmay_misc_feat_tower,
          roderic_st_hans_cross, feat_on_display
D:2:      layout_loops_corners, nicolae_overflow_hidden_temple, xom_teletrap_fun
D:3:      layout_basic, uniq_ijyb
D:4:      layout_rooms, dancing_weapons_uskayaw, elyvilon_altar_5,
          grunt_temple_overflow_open, minmay_temple_entry_mist,
          gammafunk_ghost_mausoleum, serial_rivers,
          chequers_serial_rivers_large_b, chequers_serial_rivers_micro_c,
          chequers_serial_rivers_micro_d, chequers_serial_rivers_small_b,
          chequers_serial_rivers_micro_b, chequers_serial_rivers_micro_c
D:5:      cheibrodos_helix_gallery, layout_basic, uniq_eustachio,
          uniq_prince_ribbit1
D:6:      kennysheep_kobold_camp, layout_basic, old_standard_altar
Temple:   eino_wide_crystal_templ

Skill      XL: |  1  2  3  4  5  6  7 |
---------------+----------------------+-----
Conjurations   | 5 6 7 8 |  8.8
Dodging        | 3 4 5 |  5.7
Stealth        | |  2.6
Spellcasting   | |  2.0

Action                   |  1- 3 |  4- 6 |  7- 9 || total
-------------------------+-------+-------+-------++-------
Melee: Dagger            |    22 |    26 |    28 ||    76
       Constrict         |     6 |     5 |     6 ||    17
       Tentacles         |     4 |     4 |     2 ||    10
       Unarmed           |       |    15 |       ||    15
 Cast: Magic Dart        |    37 |    12 |     3 ||    52
       Searing Ray       |     1 |    20 |    22 ||    43
  Use: Potion            |     3 |       |       ||     3
 Stab: Sleeping          |       |     6 |       ||     6
Armor: Skin              |     1 |       |     3 ||     4
Dodge: Dodged            |    15 |    35 |    55 ||   105

Table legend: (Time is in decaauts)
 A = Elapsed time spent in this place.
 B = Non-inter-level travel time spent in this place.
 C = Inter-level travel time spent in this place.
 D = Time resting spent in this place.
 E = Time spent auto-exploring this place.
 F = Levels seen in this place.
 G = Mean time per level.
                   A        B        C        D        E       F      G
               +--------+--------+--------+--------+--------+-----+--------+
         Total |   5485 |   5379 |    106 |    452 |   4202 |   7 |  783.6 |
       Dungeon |   5483 |   5377 |    106 |    452 |   4202 |   6 |  913.8 |
        Temple |      1 |      1 |      0 |      0 |      0 |   1 |    1.0 |
               +--------+--------+--------+--------+--------+-----+--------+

Top non-repeatable levels by time:
     D:3: 1634 daAuts
     D:5: 1625 daAuts
     D:4: 817 daAuts
     D:2: 761 daAuts
     D:6: 523 daAuts
     D:1: 120 daAuts
  Temple: 1 daAuts
